 Dungeon Sprint DCSS version 0.28.0-53-g5a82cb258f (webtiles) character file.

Game seed: 10800655361867082403

2800000 Zeld the Conqueror (level 20, -14/181 HPs)
             Began as a Djinni Monk on May 27, 2022.
             Was the Champion of Makhleb.
             Demolished by a destroyer
             ... wielding a +9 vorpal great sword
              (42 damage)
             ... in the Dungeon (Sprint VIII: "Arena of Blood").
             The game lasted 00:00:49 (28 turns).

Zeld the Conqueror (Djinni Monk)                      Turns: 28, Time: 00:00:50

Health: -14/181    AC:  2    Str: 16    XL:     20   Next: 18%
Gold:   0          EV: 31    Int: 12    God:    Makhleb [******] SH:  0 Dex: 19

rFire   + + .      SeeInvis .   g - +∞ Axe of Woe
rCold   x . .      Faith    .   (shield currently unavailable)
rNeg    . . .      Spirit   .   a - +0 robe
rPois   ∞          Reflect  .   (no helmet)
rElec   .          Harm     .   (no cloak)
rCorr   .          Rampage  .   (no gloves)
Will    ++...      NoTele   +   (boots unavailable)
Stlth   ++........              (no amulet)
HPRegen 0.40/turn               (no ring)
MPRegen 0.00/turn               (no ring)

@: flying
A: sickness immunity, fire resistance 2, cold vulnerability 1, float, innate
caster, HP casting, extra vitality 1
a: Renounce Religion, Minor Destruction, Lesser Servant of Makhleb, Major
Destruction, Greater Servant of Makhleb


You were in the Dungeon.
You worshipped Makhleb.
Makhleb was exalted by your worship.
You visited 1 branch

Inventory:

Hand Weapons
 g - the +∞ Axe of Woe (weapon)
   (You found it in the Dungeon)
Armour
 a - a +0 robe (worn)
Scrolls
 f - a scroll of blinking
Potions
 b - a potion of curing
 c - a potion of heal wounds
 d - a potion of haste
 e - a potion of berserk rage


   Skills:
 O Level 27 Fighting
 O Level 27 Axes
 O Level 27 Dodging
 - Level 1.5 Stealth
 - Level 3.0 Unarmed Combat
 O Level 27 Spellcasting
 O Level 27 Invocations


You had 37 spell levels left.
You knew the following spells:

 Your Spells              Type           Power      Damage    Failure   Level
a - Slow                  Hex            100%       N/A       0%          1
b - Call Imp              Summ           69%        N/A       0%          2
c - Corpse Rot            Necr/Air       100%       N/A       0%          2
d - Portal Projectile     Hex/Tloc       100%       N/A       0%          3
e - Anguish               Hex/Necr       34%        N/A       0%          4
f - Lee's Rapid Deconstr  Erth           34%        3d18*     0%          5
g - Summon Cactus Giant   Summ           34%        N/A       0%          6
h - Malign Gateway        Summ/Tloc      34%        N/A       1%          7
i - Simulacrum            Ice/Necr       34%        N/A       0%          6
Your spell library was empty.

Dungeon Overview and Level Annotations

Branches:
Dungeon (1/1)

Altars:
Makhleb


Innate Abilities, Weirdness & Mutations

You are immune to sickness and miasma.
You are immune to poison.
Your flesh is very heat resistant. (rF++)
You are vulnerable to cold. (rC-)
You float through the air rather than walking.
You learn spells naturally, not from books.
Your magical power is your life essence.
You have superior vitality. (+4 MHP)


Message History

You attempt to give life to the dead...
You hear a shout! x7
The destroyer points at you and mumbles some strange words.
The destroyer blinks!
You hear a shout! x3
A meat berserker comes into view. It is wielding a +9 battleaxe.
The bag of meat is engulfed in blazing flames.
You hear a shout!
Unknown command.
Unknown command.
You hear a shout! x4
The destroyer gestures at you while chanting.
The destroyer blinks!
You hear a shout! x2
The bag of meat is engulfed in blazing flames.
The bag of meat hits you with a +9 war axe!
You hear a shout!
Unknown command.
You hit the bag of meat.
You cleave the bag of meat in twain.
You kill the bag of meat!
Makhleb accepts your kill.
You feel better.
You hit the meat berserker.
You pulverise the meat berserker into a thin bloody mist.
You kill the meat berserker!
Makhleb accepts your kill.
A meat berserker comes into view. It is wielding a +9 battleaxe.
You hear a shout! x6
You have mastered Spellcasting!
You have reached level 20!
You feel clever.
Unknown command.
Unknown command.
An eight-headed meat hydra comes into view.
The eight-headed meat hydra roars!
You hear a shout! x4
The meat berserker rages.
You hear a shout!
The destroyer hits you with a +9 vorpal great sword!!!!!
Ouch! That really hurt!
* * * LOW HITPOINT WARNING * * *
You die...

.. .... .. ...
#. .O# #.. ..# .
.###.. ..###..
......###...O...
D...§.)_))..O...
....#.V@))#....
. #_§§Z_# .
#.☼)§.#
...o.§.§...
......###......
.###.. ..###.
#.. ..# #.. ..#
.. ..


You could see an eight-headed meat hydra, a destroyer, a large bag of meat
(inner flame), 2 meat berserkers, a bag of meat and a friendly orc simulacrum.

Vanquished Creatures
  9 ogres (D)
  A two-headed ogre (D)
  16 orcs (D)
26 creatures vanquished.

Notes
Turn   | Place    | Note
-------+----------+-------------------------------------------
     0 | D        | Found the +∞ Axe of Woe
     0 | D        | Zeld the Djinni Monk began the quest for the Orb.
     0 | D        | Reached XP level 1. HP: 20/20 MP: 0/0
     1 | D        | Noticed a bag of meat
     2 | D        | Noticed a bag of meat
     3 | D        | Noticed a bag of meat
     4 | D        | Became a worshipper of Makhleb the Destroyer
     4 | D        | Reached * piety under Makhleb
     4 | D        | Reached ** piety under Makhleb
     5 | D        | Noticed a meat berserker
     5 | D        | Noticed a meat berserker
     5 | D        | Noticed a bag of meat
     5 | D        | Noticed a bag of meat
     6 | D        | Killed a meat berserker
     6 | D        | Noticed a meat berserker
     6 | D        | Noticed a bag of meat
     7 | D        | Reached skill level 10 in Axes
     7 | D        | Reached XP level 2. HP: 48/48 MP: 0/0
     7 | D        | Reached XP level 3. HP: 54/54 MP: 0/0
     7 | D        | Learned a level 1 spell: Slow
     7 | D        | Reached XP level 4. HP: 60/60 MP: 0/0
     7 | D        | Reached XP level 5. HP: 66/66 MP: 0/0
     7 | D        | Learned a level 2 spell: Call Imp
     7 | D        | Reached XP level 6. HP: 73/73 MP: 0/0
     7 | D        | Reached XP level 7. HP: 78/78 MP: 0/0
     7 | D        | Learned a level 2 spell: Corpse Rot
     7 | D        | Reached XP level 8. HP: 85/85 MP: 0/0
     7 | D        | Reached XP level 9. HP: 91/91 MP: 0/0
     7 | D        | Learned a level 3 spell: Portal Projectile
     7 | D        | Reached XP level 10. HP: 97/97 MP: 0/0
     7 | D        | Reached XP level 11. HP: 103/103 MP: 0/0
     7 | D        | Learned a level 4 spell: Anguish
     7 | D        | Reached XP level 12. HP: 110/110 MP: 0/0
     7 | D        | Noticed a bag of meat
     7 | D        | Noticed a bag of meat
     8 | D        | Killed a bag of meat
     8 | D        | Noticed a bag of meat
     8 | D        | Noticed a bag of meat
     9 | D        | Reached skill level 15 in Dodging
     9 | D        | Reached XP level 13. HP: 118/118 MP: 0/0
     9 | D        | Learned a level 5 spell: Lee's Rapid Deconstruction
     9 | D        | Killed a bag of meat
     9 | D        | Noticed a meat berserker
     9 | D        | Noticed a bag of meat
    10 | D        | Reached skill level 10 in Spellcasting
    10 | D        | Killed a meat berserker
    10 | D        | Reached *** piety under Makhleb
    10 | D        | Killed a bag of meat
    10 | D        | Killed a bag of meat
    10 | D        | Killed a meat berserker
    10 | D        | Reached **** piety under Makhleb
    10 | D        | Noticed a meat berserker
    10 | D        | Noticed a meat berserker
    11 | D        | Reached skill level 15 in Axes
    11 | D        | Reached XP level 14. HP: 87/138 MP: 0/0
    11 | D        | Reached XP level 15. HP: 91/144 MP: 0/0
    11 | D        | Learned a level 6 spell: Summon Cactus Giant
    12 | D        | Killed a meat berserker
    12 | D        | Reached ***** piety under Makhleb
    13 | D        | Reached skill level 27 in Fighting
    13 | D        | Reached XP level 16. HP: 79/154 MP: 0/0
    13 | D        | Killed a meat berserker
    14 | D        | Reached XP level 17. HP: 99/160 MP: 0/0
    14 | D        | Learned a level 7 spell: Malign Gateway
    14 | D        | Noticed a meat berserker
    15 | D        | Killed a meat berserker
    15 | D        | Killed a meat berserker
    16 | D        | Reached XP level 18. HP: 131/167 MP: 0/0
    16 | D        | Reached ****** piety under Makhleb
    17 | D        | Noticed a large bag of meat
    18 | D        | Noticed a meat berserker
    21 | D        | Reached skill level 27 in Dodging
    22 | D        | Reached XP level 19. HP: 174/174 MP: 0/0
    22 | D        | Learned a level 6 spell: Simulacrum
    22 | D        | Killed a large bag of meat
    22 | D        | Noticed a meat berserker
    23 | D        | Reached skill level 27 in Axes
    23 | D        | Noticed a destroyer
    24 | D        | Noticed a large bag of meat
    24 | D        | Killed a meat berserker
    25 | D        | Reached skill level 27 in Invocations
    25 | D        | Noticed a meat berserker
    27 | D        | Killed a meat berserker
    27 | D        | Noticed a meat berserker
    28 | D        | Reached skill level 27 in Spellcasting
    28 | D        | Reached XP level 20. HP: 181/181 MP: 0/0
    28 | D        | Noticed an eight-headed meat hydra
    28 | D        | Demolished by a destroyer

Illustrated notes

Levels and vault maps discovered:
D:        meatsprint

Skill      XL: |  1  2  3  4  5  6  7  8  9 10 11 12 13 14 15 16 17 18 19 |
---------------+----------------------------------------------------------+-----
Fighting       | 18 20 25 27 | 27.0
Axes           | 10 11 15 18 20 24 26 27 | 27.0
Dodging        | 14 15 20 21 23 26 27 | 27.0
Spellcasting   | 8 9 13 14 16 18 19 27 | 27.0
Invocations    | 11 12 17 19 20 23 25 27 | 27.0
Stealth        | |  1.5
Unarmed Combat | |  3.0

Action                   |  1- 3 |  4- 6 |  7- 9 | 10-12 | 13-15 | 16-18 | 19-21 || total
-------------------------+-------+-------+-------+-------+-------+-------+-------++-------
Melee: Executioner's axe |     1 |       |       |     1 |     3 |     7 |     3 ||    15
 Cast: Anguish           |       |       |       |     1 |       |       |       ||     1
       Lee's Rapid Decon |       |       |       |       |       |     2 |       ||     2
       Simulacrum        |       |       |       |       |       |       |     1 ||     1
Dodge: Dodged            |       |       |       |       |     1 |       |       ||     1
